Map: Dusk Towers

Players

Doofus - Winner!

  • Race: Protoss Protoss
  • League: Diamond

LilDicky

  • Race: Terran Terran
  • League: Diamond

VOD

http://www.twitch.tv/tumescentpie

Description

Time

  • Played on: Nov. 26, 2015, 10:57 a.m.
  • Length: 16:02
Show
View Real Time Build Order
Export as new Build Order

Doofus Protoss - Winner!

Build Orders: 1 Gate Expand, Blink Stalkers 

Get SALT Encoding   

  12  0:01  Probe (Chrono Boost)  
  13  0:11  Probe (Chrono Boost)  
  14  0:18  Pylon  
  14  0:22  Probe (Chrono Boost)  
  15  0:36  Probe (Chrono Boost), Gateway  
  15  0:42  Assimilator  
  16  0:47  Probe (Chrono Boost)  
  17  0:57  Probe (Chrono Boost)  
  18  1:08  Probe (Chrono Boost)  
  19  1:20  Nexus  
  19  1:23  Probe (Chrono Boost)  
  20  1:34  Cybernetics Core  
  20  1:37  Assimilator  
  21  1:40  Probe (Chrono Boost)  
  21  1:50  Probe (Chrono Boost)  
  21  1:51  Pylon  
  22  2:01  Probe (Chrono Boost)  
  23  2:12  Mothership Core (Chrono Boost)  
  23  2:13  Stalker  
  27  2:17  Warp Gate  
  27  2:30  Probe (Chrono Boost)  
  27  2:36  Probe (Chrono Boost)  
  29  2:41  Probe (Chrono Boost)  
  29  2:43  Stalker  
  32  2:47  Probe (Chrono Boost)  
  33  2:51  Probe (Chrono Boost)  
  33  2:58  Probe (Chrono Boost)  
  35  3:00  Twilight Council  
  35  3:02  Pylon  
  35  3:11  Probe x2 (Chrono Boost)  
  37  3:12  Stalker  
  39  3:21  Probe (Chrono Boost)  
  39  3:22  Probe (Chrono Boost)  
  39  3:24  Robotics Facility  
  41  3:32  Probe x2 (Chrono Boost)  
  43  3:40  Blink (Chrono Boost)  
  43  3:43  Probe x2 (Chrono Boost)  
  43  3:44  Assimilator  
  43  3:48  Assimilator  
  45  3:50  Pylon  
  45  3:52  Probe (Chrono Boost)  
  45  3:53  Probe (Chrono Boost)  
  47  4:02  Probe  
  47  4:09  Gateway  
  48  4:11  Observer  
  48  4:12  Gateway, Probe  
  48  4:13  Probe  
  51  4:21  Gateway  
  51  4:24  Gateway  
  51  4:26  Pylon  
  48  4:34  Probe  
  48  4:36  Probe  
  50  4:42  Stalker  
  50  4:44  Immortal  
  56  4:50  Probe  
  56  4:51  Probe  
  54  5:10  Stalker x2  
  54  5:11  Stalker  
  58  5:20  Stalker, Probe  
  58  5:21  Zealot  
  60  5:22  Probe  
  54  5:35  Stalker  
  54  5:36  Zealot  
  52  5:52  Zealot x3  
  56  5:58  Immortal  
  56  6:00  Zealot x2  
  58  6:15  Stalker  
  58  6:16  Stalker  
  62  6:19  Pylon  
  62  6:21  Probe  
  62  6:22  Probe, Pylon  
  62  6:24  Pylon  
  60  6:26  Pylon  
  60  6:30  Zealot  
  60  6:31  Zealot  
  62  6:52  Stalker x5  
  72  6:57  Nexus  
  72  6:58  Probe  
  72  6:59  Observer  
  72  7:00  Probe, Pylon  
  75  7:04  Pylon  
  75  7:06  Robotics Bay  
  75  7:07  Forge  
  75  7:09  Charge (Chrono Boost)  
  75  7:12  Probe  
  76  7:20  Probe  
  77  7:25  Observer  
  77  7:27  Probe  
  79  7:34  Zealot x4  
  79  7:35  Zealot  
  89  7:41  Protoss Ground Armor Level 1 (Chrono Boost)  
  89  7:58  Disruptor  
  89  8:02  Zealot x5  
  102  8:08  Gateway  
  102  8:10  Probe  
  102  8:11  Probe, Gateway  
  102  8:12  Probe  
  104  8:15  Pylon  
  105  8:25  Probe x3  
  105  8:26  Assimilator  
  108  8:29  Assimilator  
  108  8:30  Zealot x2  
  112  8:38  Templar Archives, Zealot x2  
  116  8:48  Probe x2  
  116  8:49  Probe  
  116  8:51  Warp Prism  
  116  8:54  Zealot x3  
  127  9:10  Stalker  
  127  9:11  Stalker  
  127  9:14  Stalker, Psionic Storm  
  133  9:18  Pylon  
  133  9:21  Pylon  
  133  9:23  Photon Cannon  
  133  9:31  Resonating Glaives, Disruptor  
  133  9:41  Mothership Core  
  133  9:45  Protoss Ground Armor Level 2 (Chrono Boost)  
  133  9:47  Adept x3  
  133  9:48  Adept x4  
  143  10:09  Nexus  
  143  10:21  High Templar  
  143  10:22  High Templar x2  
  143  10:24  Pylon  
  143  10:27  Pylon  
  132  11:01  Zealot x2  
  132  11:02  Zealot x5  
  146  11:13  Disruptor  
  146  11:15  Probe x3  
  152  11:22  High Templar x3  
  152  11:23  High Templar x4  
  166  11:26  Archon x2  
  166  11:27  Probe, Archon  
  161  11:38  Archon  
  159  11:49  Probe  
  159  11:50  Probe  
  159  11:51  Probe x2  
  163  11:55  Zealot x4  
  163  11:59  Probe  
  172  12:20  Pylon  
  172  12:21  Pylon  
  172  12:23  Pylon  
  172  12:33  Disruptor  
  172  12:36  Probe  
  172  12:38  Probe x3  
  172  12:40  Zealot x2, High Templar x2  
  172  12:41  Zealot  
  172  12:42  Zealot x2  
  193  12:47  Probe  
  193  12:50  Probe  
  169  13:21  Zealot x2  
  169  13:22  Zealot x5  
  169  13:25  Observer  
  169  13:26  Protoss Ground Weapons Level 1 (Chrono Boost)  
  171  13:34  Probe  
  171  13:35  Probe  
  171  13:36  Probe x2  
  171  13:38  Assimilator  
  175  13:44  Assimilator  
  175  13:46  Pylon  
  175  13:48  Pylon  
  175  13:49  Probe  
  175  13:50  Probe, Pylon  
  175  13:51  Probe  
  175  13:52  Stalker x3  
  175  13:53  Stalker x2, Pylon  
  186  13:57  Pylon  
  186  14:01  Observer  
  186  14:07  Robotics Facility  
  187  14:27  Nexus, High Templar x3  
  187  14:28  High Templar x3  
  187  14:29  Pylon  
  199  14:41  Archon x3  
  199  14:46  Probe  
  199  14:50  Photon Cannon  
  199  14:51  Photon Cannon  
  200  14:54  Photon Cannon  
  200  14:58  Photon Cannon  
  200  15:01  Photon Cannon  
  189  15:18  Stalker x4  
  189  15:19  Stalker  
  171  15:52  Zealot x4  
Show
View Real Time Build Order
Export as new Build Order

LilDicky Terran 

Build Orders: MMM Bio 

Get SALT Encoding   

  12  0:01  SCV  
  13  0:13  SCV  
  14  0:17  Supply Depot  
  14  0:25  Refinery  
  14  0:27  SCV  
  15  0:39  SCV  
  16  0:48  Barracks  
  16  0:51  SCV  
  17  1:03  SCV  
  18  1:16  SCV  
  19  1:28  SCV  
  20  1:37  Marine  
  21  1:41  Supply Depot, Factory  
  21  1:44  Orbital Command  
  21  1:55  Marine  
  22  2:06  Barracks  
  22  2:09  SCV, Barracks  
  22  2:13  Barracks Reactor  
  23  2:21  SCV  
  23  2:22  Refinery  
  24  2:37  Widow Mine  
  24  2:39  SCV  
  24  2:43  Supply Depot  
  27  2:51  SCV, Marine x2  
  29  2:57  Barracks Tech Lab  
  29  2:58  Barracks Tech Lab  
  29  3:03  SCV  
  28  3:14  Marine x2  
  28  3:15  SCV, Stimpack  
  28  3:16  Combat Shields  
  28  3:17  Marine x2  
  33  3:23  Supply Depot  
  33  3:30  SCV  
  33  3:33  Marine  
  35  3:37  Marine  
  35  3:39  Marauder  
  38  3:43  SCV  
  38  3:47  Marauder  
  41  3:49  Widow Mine  
  44  3:55  SCV  
  44  3:57  Supply Depot  
  46  4:02  Marauder  
  46  4:07  SCV  
  47  4:15  Starport  
  47  4:19  Widow Mine  
  49  4:30  Marauder x2, Marine  
  53  4:34  Concussive Shells  
  53  4:37  SCV  
  54  4:44  Supply Depot  
  54  4:45  Marine  
  53  4:51  Marauder  
  55  5:05  Marine x2  
  56  5:09  Widow Mine  
  56  5:13  Marauder  
  59  5:18  Marine  
  59  5:19  Medivac  
  61  5:24  Marauder  
  52  5:58  Marine  
  52  5:59  Widow Mine, Marine x3  
  52  6:16  Marine x3  
  52  6:17  Marine  
  48  6:34  Marine x4  
  48  7:00  Starport Reactor  
  48  7:02  Command Center  
  48  7:05  Barracks, Marine x2  
  48  7:06  Marauder  
  48  7:07  Barracks, Marine  
  53  7:11  Supply Depot  
  53  7:15  SCV  
  54  7:23  Marine x2  
  54  7:24  Marine  
  54  7:27  Marine  
  58  7:33  Supply Depot  
  58  7:45  SCV  
  58  7:49  Medivac  
  61  7:55  Medivac  
  61  7:57  SCV  
  64  7:59  Supply Depot, Marine  
  64  8:02  Marine  
  66  8:05  Barracks Reactor  
  66  8:06  Barracks Tech Lab  
  66  8:12  Widow Mine  
  66  8:14  Marine x2  
  70  8:20  Engineering Bay  
  70  8:24  Marine x2  
  72  8:28  Medivac  
  72  8:30  Medivac  
  76  8:36  Orbital Command  
  76  8:43  SCV, Marine  
  76  8:44  Marauder  
  80  9:01  Marine x2  
  80  9:02  Marauder, Marine x2  
  86  9:03  Marauder, Liberator x2  
  86  9:05  Marauder  
  88  9:19  Marine x3  
  88  9:23  Marine x2  
  99  9:24  Marauder  
  85  9:49  Marine  
  85  9:50  Marauder x2  
  81  10:08  SCV x2, Marine  
  81  10:09  Marine  
  81  10:13  Widow Mine  
  87  10:14  Missile Turret  
  87  10:16  Marine x2  
  87  10:17  Marauder  
  87  10:20  SCV  
  92  10:22  SCV  
  92  10:28  Command Center  
  93  10:32  SCV  
  94  10:42  Marine x4  
  88  11:20  Marine x2  
  88  11:21  Marine x5  
  95  11:39  Marauder x3  
  91  11:45  Marine  
  91  11:46  Widow Mine, Marine  
  87  11:54  Marine x2  
  86  11:55  Medivac  
  86  11:56  Medivac  
  86  12:01  Missile Turret, Marauder x3  
  97  12:07  SCV x2  
  99  12:12  Marine  
  99  12:13  Marine  
  101  12:20  Engineering Bay  
  101  12:21  Terran Infantry Weapons Level 1  
  101  12:22  Marauder  
  103  12:30  Armory  
  103  12:31  Orbital Command  
  103  12:34  Marine  
  103  12:35  Missile Turret, Marine  
  103  12:36  Marauder  
  107  12:39  Widow Mine  
  107  12:40  Marine x2  
  107  12:41  Marauder  
  68  13:16  Marine x2  
  68  13:17  Marine x5  
  50  13:33  SCV  
  50  13:34  Marine x4  
  51  13:35  Marauder x3  
  61  13:52  Marine x4  
  65  13:56  Marauder, Marine x2  
  65  13:57  SCV  
  65  14:02  Widow Mine  
  69  14:09  SCV, Marine  
  71  14:10  Marine x3  
  71  14:13  Refinery  
  71  14:14  Marine x2  
  71  14:15  Refinery  
  71  14:16  Refinery  
  77  14:17  Marine  
  78  14:25  Orbital Command  
  78  14:27  SCV, Marine  
  78  14:29  Marine  
  81  14:52  Marine  
  81  14:53  Marine x3  
  81  14:54  Marauder x2  
  81  14:58  Marine  
  81  14:59  Missile Turret  
  90  15:05  Bunker  
  90  15:10  Marine  
  90  15:11  Marine  
  53  15:29  Marine  
Tags
 
Add a new tag
Caveats
  • Supply blocks, unpowered buildings, or Contaminate may cause inaccurate times.
  • Supply counts are checked every 10 seconds.